 Dungeon Crawl Stone Soup version 0.29.1-2-gbd0b4ee654 (webtiles) character file.

Game seed: 3045220836071913222

1388 Hadkhar the Trooper (level 9, -7/66 (72) HPs)
             Began as a Formicid Fighter on Nov 8, 2022.
             Was a Follower of Fedhas.
             Mangled by a wight
             ... wielding a +3 scimitar of freezing
              (10 damage)
             ... on level 7 of the Dungeon.
             The game lasted 00:41:16 (6798 turns).

Hadkhar the Trooper (Formicid Fighter)              Turns: 6798, Time: 00:41:18

HP:   -7/66 (72)    AC: 10    Str: 32    XL:     9   Next: 0%
MP:   0/11          EV: 10    Int:  7    God:    Fedhas [*.....]
Gold: 309           SH:  6    Dex: 13    Spells: 8/8 levels left

rFire   . . .      SeeInvis +   A - +4 quarterstaff (chaos)
rCold   . . .      Faith    .   c - +0 buckler
rNeg    . . .      Spirit   +   b - +0 scale mail
rPois   .          Reflect  .   (helmet unavailable)
rElec   .          Harm     .   k - +0 cloak
rCorr   .          Rampage  .   (no gloves)
Will    .....                   f - +0 pair of boots
Stlth   ..........              B - amulet of guardian spirit
HPRegen 0.21/turn               h - +6 ring of strength
MPRegen 0.12/turn               (no ring)

@: drained
A: permanent stasis, dig shafts and tunnels, antennae 3, four strong arms
a: Dig, Shaft Self, Renounce Religion


You were on level 7 of the Dungeon.
You worshipped Fedhas.
Fedhas was aware of your devotion.
You visited 1 branch of the dungeon, and saw 7 of its levels.

You collected 309 gold pieces.

Inventory:

Hand Weapons
 a - a +0 war axe
 A - a +4 quarterstaff of chaos (weapon)
 D - a +2 trident of protection
Missiles
 j - 17 poisoned darts (quivered)
 w - 6 javelins
Armour
 b - a +0 scale mail (worn)
 c - a +0 buckler (worn)
 f - a +0 pair of boots (worn)
 k - a +0 cloak (worn)
Jewellery
 g - a ring of ice
 h - a +6 ring of strength (left hand)
 y - a ring of fire
 B - an amulet of guardian spirit (around neck)
 H - a ring of wizardry
Wands
 i - a wand of charming (7)
 G - a wand of flame (24)
Scrolls
 e - 2 scrolls of enchant armour
 l - a scroll of butterflies
 m - a scroll of blinking {unknown}
 n - 2 scrolls of fear {unknown}
 p - 2 scrolls of poison {unknown}
 r - 2 scrolls of torment
 t - a scroll of amnesia {unknown}
 C - 2 scrolls of noise {unknown}
 E - a scroll of vulnerability {unknown}
 F - 2 scrolls of enchant weapon {unknown}
 I - a scroll of summoning {unknown}
Potions
 d - a potion of might
 o - 9 potions of heal wounds
 q - 4 potions of curing
 s - a potion of cancellation
 u - a potion of attraction
 v - 2 potions of mutation
 x - a potion of flight {unknown}
 z - 2 potions of berserk rage {unknown}


   Skills:
 * Level 7.5 Fighting
 - Level 4.0 Axes
 + Level 6.2 Armour
 + Level 7.4 Shields
 - Level 3.3 Invocations


You had 8 spell levels left.
You didn't know any spells.
Your spell library contained the following spells:

 Spells                   Type           Power      Damage    Failure   Level
 Inner Flame              Hex/Fire       0%         N/A       97%         3
 Lesser Beckoning         Tloc           0%         N/A       97%         3
 Tukima's Dance           Hex            0%         N/A       97%         3
 Cause Fear               Hex            0%         N/A       100%        4
 Passage of Golubria      Tloc           0%         N/A       100%        4
 Manifold Assault         Tloc           0%         N/A       100%        5
 Yara's Violent Unravell  Hex/Tmut       0%         3d3       100%        5
 Dragon Form              Tmut           0%         N/A       100%        7
 Discord                  Hex            0%         N/A       100%        8
 Dragon's Call            Summ           0%         N/A       100%        9
 Blink                    Tloc           Unusable   N/A       N/A         2

Dungeon Overview and Level Annotations

Branches:
Dungeon (7/15)             Temple (0/1) D:4

Altars:
Ashenzari
Elyvilon
Fedhas
Hepliaklqana
Makhleb
Nemelex Xobeh
Qazlal
Ru
Wu Jian
Xom
Zin

Shops:
D:1 (


Innate Abilities, Weirdness & Mutations

You cannot be hasted, slowed, berserked, paralysed or teleported.
You can dig through walls and to a lower floor.
You have a pair of large antennae on your head. (SInv)
Your four strong arms can wield two-handed weapons with a shield.


Message History

A wight comes into view. It is wielding a +1 battleaxe.
You drop a +0 war axe.
a - a +0 war axe You hit the wight.
The wight is lightly damaged.
The wight hits you with a +3 scimitar of freezing.
The wight freezes you. The wight misses you.
You closely miss the wight.
The wight is lightly damaged.
The wight barely misses you.
You hit the wight but do no damage.
The wight suddenly seems more agile.
You block the wight's attack.
You closely miss the wight.
The wight hits you with a +3 scimitar of freezing.
The wight freezes you.
You barely miss the wight.
The wight hits you with a +3 scimitar of freezing.
The wight freezes you.
The wight hits you with a +3 scimitar of freezing!
The wight freezes you.
You barely miss the wight. The wight barely misses you.
You closely miss the wight. The wight barely misses you.
You sock the wight!
The wight seems to grow stronger.
The wight is heavily damaged.
The wight barely misses you.
The wight hits you with a +3 scimitar of freezing!
The wight freezes you.
You barely miss the wight.
The wight is heavily damaged.
The wight hits you with a +3 scimitar of freezing!
You feel drained. The wight freezes you.
You miss the wight.
The wight is heavily damaged.
The wight hits you with a +3 scimitar of freezing!!
* * * LOW HITPOINT WARNING * * *
You feel drained.
* * * LOW HITPOINT WARNING * * *
The wight freezes you!
You die...
Fedhas appreciates your contribution to the ecosystem.

#.###.#
#.....#
#<.####
#..# #..#
#..# ##.#
..#######.#
.....zz@..#
.....####.#
...{{ #.# .
#.# #.# #.#
#$# .#


You could see 2 wights.

Vanquished Creatures
  Sigmund (D:4)
  A water moccasin (D:5)
  An ice beast (D:6)
  A sky beast (D:6)
  A centaur (D:7)
  A phantom (D:5)
  A gnoll sergeant (D:5)
  A necrophage (D:6)
  A bullfrog (D:4)
  A scorpion (D:4)
  A howler monkey (D:4)
  2 hounds (D:5)
  2 jellies (D:6)
  Crazy Yiuf (D:4)
  3 iguanas
  An orc wizard (D:6)
  8 gnolls
  8 adders
  A white imp (D:6)
  An ufetubus (D:6)
  A worm (D:2)
  3 dart slugs
  10 orcs
  7 ball pythons
  5 bats
  10 endoplasms
  2 giant cockroaches
  6 goblins
  5 hobgoblins
  5 quokkas
  3 frilled lizards
  6 kobolds
  5 rats
106 creatures vanquished.

Vanquished Creatures (others)
  A jelly zombie (D:6)
  14 plants (D:3)
15 creatures vanquished.

Grand Total: 121 creatures vanquished

Notes
Turn   | Place    | Note
-------+----------+-------------------------------------------
     0 | D:1      | Hadkhar the Formicid Fighter began the quest for the Orb.
     0 | D:1      | Reached XP level 1. HP: 18/18 MP: 1/1
    24 | D:1      | Reached XP level 2. HP: 17/24 MP: 2/2
   486 | D:1      | Reached XP level 3. HP: 28/30 MP: 3/3
   564 | D:1      | Found Kuvub's Antique Weapon Emporium.
   626 | D:1      | Found a faded altar of an unknown god.
   772 | D:2      | Reached XP level 4. HP: 37/37 MP: 4/4
  1684 | D:2      | Reached XP level 5. HP: 43/43 MP: 5/5
  2267 | D:3      | Found a blossoming altar of Fedhas.
  2277 | D:3      | Became a worshipper of Fedhas Madash
  2531 | D:3      | Found a white marble altar of Elyvilon.
  2695 | D:3      | Found a faded altar of an unknown god.
  2705 | D:3      | Found a sparkling altar of Nemelex Xobeh.
  2902 | D:4      | Found a staircase to the Ecumenical Temple.
  2911 | D:4      | Noticed a bullfrog
  2915 | D:4      | Reached skill level 5 in Shields
  2920 | D:4      | Killed a bullfrog
  2921 | D:4      | Reached skill level 5 in Fighting
  2921 | D:4      | Reached XP level 6. HP: 38/51 MP: 6/6
  3200 | D:4      | Found a hazy altar of Hepliaklqana.
  3202 | D:4      | Found a shimmering altar of Xom.
  3202 | D:4      | Noticed an ogre
  3205 | D:4      | Noticed a spectral ugly thing
  3341 | D:4      | Found a glowing silver altar of Zin.
  3533 | D:4      | Noticed Sigmund
  3544 | D:4      | Killed Sigmund
  3545 | D:4      | Reached XP level 7. HP: 37/58 MP: 7/7
  3701 | D:4      | Found a runed translucent door.
  3702 | D:4      | Noticed Crazy Yiuf
  3708 | D:4      | Killed Crazy Yiuf
  4187 | D:5      | Entered Level 5 of the Dungeon
  4471 | D:5      | Reached skill level 5 in Armour
  4732 | D:5      | Found a sacrificial altar of Ru.
  4806 | D:5      | Reached XP level 8. HP: 63/65 MP: 8/8
  4870 | D:5      | Reached skill level 1 in Invocations
  5335 | D:5      | Found a faded altar of an unknown god.
  5335 | D:5      | Found a faded altar of an unknown god.
  5342 | D:5      | Found a broken altar of Ashenzari.
  5344 | D:5      | Found a stormy altar of Qazlal.
  5346 | D:5      | Found a burning altar of Makhleb.
  5711 | D:5      | Found an ornate altar of the Wu Jian Council.
  5716 | D:5      | Noticed a spectral centipede
  5716 | D:5      | Noticed a spectral black mamba
  5785 | D:6      | Reached * piety under Fedhas
  6145 | D:6      | Identified the +4 dagger of the Trees {spect, Str+2}
  6671 | D:7      | Reached XP level 9. HP: 72/72 MP: 11/11
  6798 | D:7      | HP: 3/66 [wight/+3 scimitar of freezing (5)]
  6798 | D:7      | Mangled by a wight

Illustrated notes

Levels and vault maps discovered:
D:1:      tarquinn_simple_flora_water_c, layout_basic, serial_shops, shop,
          dilly_ecumenical_altar_fadedgnrine
D:2:      layout_loops_cross
D:3:      layout_loops_ring, lemuel_round_altar,
          nicolae_overflow_ecumenical_swirl, lemuel_tele_altar, serial_bayou,
          serial_bayou_lake_a, serial_bayou_pond_b, serial_bayou_shore_b,
          serial_bayou_pond_e
D:4:      layout_loops_ring, regret_index_temple_of_mockery, zin_statuary,
          minmay_temple_entry_crystal_x, uniq_sigmund, uniq_crazy_yiuf_cottage
D:5:      layout_layer_cave, pdpol_wu_jian_five_deadly_venoms,
          nicolae_ru_sacrificial_ziggurat, chequers_temple_overflow_minitemple
D:6:      layout_rooms, hangedman_abyss_or_decor_slice, due_unseen_surprise
D:7:      layout_loops_ring, led_sif_pool, minivault_4

Skill      XL: |  1  2  3  4  5  6  7  8 |
---------------+-------------------------+-----
Fighting       | 4 5 6 7 |  7.5
Armour         | 4 5 6 |  6.2
Shields        | 5 6 7 |  7.4
Axes           | 3 4 |  4.0
Invocations    | 3 |  3.3

Action                   |  1- 3 |  4- 6 |  7- 9 || total
-------------------------+-------+-------+-------++-------
Melee: War axe           |    68 |   130 |     3 ||   201
       Quarterstaff      |       |       |    97 ||    97
 Abil: Dig               |       |       |     1 ||     1
  Use: Scroll            |       |     9 |     1 ||    10
 Stab: Paralysed         |       |       |     1 ||     1
Armor: Scale mail        |    37 |    51 |    42 ||   130
Dodge: Dodged            |    33 |    43 |    46 ||   122
Block: Buckler           |    23 |    29 |    19 ||    71
